NWL (28 & UNDER)
MENLO MANIACS @ BISMARCK BARONS
04/17/2029
 
TOP OF THE 1ST
Menlo Maniacs batting - Pitching for Bismarck Barons : RHP Kyle Horton
Pitching: RHP Kyle Horton
Batting: SHB Ryan Holcomb 0-0: Ball
1-0: Called Strike
1-1: Ball
2-1: Foul Ball, location: 2F
2-2: SINGLE (Groundball, 34D)
Batting: RHB Héctor Vázquez 0-0: Ball
Ryan Holcomb is caught stealing 2nd base
1-0: SINGLE (Flyball, 7S)
Batting: LHB Frank Young 0-0: Ball
Pickoff Throw by Catcher to First - Error! E2
Héctor Vázquez to second
1-0: Ball
Héctor Vázquez steals 3rd base
2-0: Ground out 5-3 (Groundball, 56S)
Héctor Vázquez scores
Batting: LHB César Rodríguez 0-0: Fly out, F7 (Flyball, 78D)
Top of the 1st over - 1 run, 2 hits, 1 error, 0 left on base; Menlo 1 - Bismarck 0
BOTTOM OF THE 1ST
Bismarck Barons batting - Pitching for Menlo Maniacs : RHP Ronnie Jefferson
Pitching: RHP Ronnie Jefferson
Batting: LHB Earl Wigfall 0-0: Ball
1-0: Ball
2-0: Ball
3-0: Base on Balls
Batting: RHB Dave Anderson 0-0: Called Strike
0-1: Called Strike
0-2: Strikes out swinging
Batting: RHB Jason Stover 0-0: Ball
1-0: Ball
Earl Wigfall is caught stealing 2nd base
2-0: SINGLE (Line Drive, 56D)
Batting: RHB Jesús Ramos 0-0: Swinging Strike
0-1: Ball
1-1: SINGLE (Groundball, 6D)
Jason Stover to second
Batting: LHB Jorge Fernández 0-0: Ball
1-0: Fly out, F8 (Flyball, 78M)
Bottom of the 1st over - 0 runs, 2 hits, 0 errors, 2 left on base; Menlo 1 - Bismarck 0
TOP OF THE 2ND
Menlo Maniacs batting - Pitching for Bismarck Barons : RHP Kyle Horton
Batting: RHB Joe Noble 0-0: Ball
1-0: Fly out, F9 (Flyball, 89M)
Batting: LHB Dave Lee 0-0: Ball
1-0: Called Strike
1-1: Ball
2-1: Called Strike
2-2: Ball
3-2: Fly out, F8 (Flyball, 8LD)
Batting: RHB Juan Reyes 0-0: Ball
1-0: Called Strike
1-1: Ground out 1-3 (Groundball, P)
Top of the 2nd over - 0 runs, 0 hits, 0 errors, 0 left on base; Menlo 1 - Bismarck 0
BOTTOM OF THE 2ND
Bismarck Barons batting - Pitching for Menlo Maniacs : RHP Ronnie Jefferson
Batting: RHB Félix Trevino 0-0: Called Strike
0-1: Ball
1-1: Ball
2-1: Ball
3-1: Base on Balls
Batting: RHB Dennis Garner 0-0: Ball
1-0: Ball
2-0: Called Strike
2-1: Ball
3-1: Called Strike
3-2: Base on Balls
Félix Trevino to second
Batting: RHB José Ruíz 0-0: Foul Ball, location: 2F
0-1: Ball
1-1: Called Strike
1-2: Ball
2-2: Ball
3-2: Strikes out swinging
Batting: RHB Pedro García 0-0: Ball
1-0: Ball
2-0: Foul Ball, location: 2F
2-1: Swinging Strike
2-2: Ball
3-2: Strikes out swinging
Batting: LHB Earl Wigfall 0-0: Fly out, F4 (Popup, 4)
Bottom of the 2nd over - 0 runs, 0 hits, 0 errors, 2 left on base; Menlo 1 - Bismarck 0
TOP OF THE 3RD
Menlo Maniacs batting - Pitching for Bismarck Barons : RHP Kyle Horton
Batting: RHB David Strickland 0-0: Ball
1-0: Called Strike
1-1: Called Strike
1-2: Fly out, F8 (Flyball, 8RS)
Batting: RHB Dani Torres 0-0: Ball
1-0: Ball
2-0: Swinging Strike
2-1: Ball
3-1: Base on Balls
Batting: SHB Ryan Holcomb 0-0: Ball
1-0: Called Strike
Dani Torres is caught stealing 2nd base
1-1: Ball
2-1: Ball
3-1: Foul Ball, location: 2F
3-2: Ground out 2-3 (Groundball, 2L)
Top of the 3rd over - 0 runs, 0 hits, 0 errors, 0 left on base; Menlo 1 - Bismarck 0
BOTTOM OF THE 3RD
Bismarck Barons batting - Pitching for Menlo Maniacs : RHP Ronnie Jefferson
Batting: RHB Dave Anderson 0-0: Foul Ball, location: 2F
0-1: Swinging Strike
0-2: Ball
1-2: SINGLE (Groundball, 4MS) (infield hit)
Batting: RHB Jason Stover 0-0: Fielders Choice at 2nd, 5-4 (Groundball, 5L)
Batting: RHB Jesús Ramos 0-0: Foul Ball, location: 2F
0-1: Called Strike
Jason Stover steals 2nd base
0-2: Ball
1-2: Ground out 6-3 (Groundball, 6)
Batting: LHB Jorge Fernández 0-0: Swinging Strike
0-1: Ball
1-1: Ball
2-1: Ground out 4-3 (Groundball, 4M)
Bottom of the 3rd over - 0 runs, 1 hit, 0 errors, 1 left on base; Menlo 1 - Bismarck 0
TOP OF THE 4TH
Menlo Maniacs batting - Pitching for Bismarck Barons : RHP Kyle Horton
Batting: RHB Héctor Vázquez 0-0: Called Strike
0-1: Ball
1-1: Ball
2-1: Foul Ball, location: 2F
2-2: Strikes out looking
Batting: LHB Frank Young 0-0: SOLO HOME RUN (Flyball, 9D), Distance : 351 ft
Batting: LHB César Rodríguez 0-0: Ball
1-0: Ball
2-0: DOUBLE (Flyball, 8LXD)
Batting: RHB Joe Noble 0-0: Called Strike
0-1: Ball
1-1: Ball
2-1: Ball
3-1: Base on Balls
Batting: LHB Dave Lee 0-0: Ball
1-0: Foul Ball, location: 2F
1-1: Foul Ball, location: 2F
1-2: Fielders Choice at 2nd, 6-4 (Groundball, 6)
César Rodríguez to third
Batting: RHB Juan Reyes 0-0: Called Strike
0-1: Called Strike
0-2: Ball
Wild Pitch!
César Rodríguez scores
Dave Lee to second
1-2: Ball
2-2: Foul Ball, location: 2F
2-2: Strikes out swinging
Top of the 4th over - 2 runs, 2 hits, 0 errors, 1 left on base; Menlo 3 - Bismarck 0
BOTTOM OF THE 4TH
Bismarck Barons batting - Pitching for Menlo Maniacs : RHP Ronnie Jefferson
Batting: RHB Félix Trevino 0-0: Foul Ball, location: 2F
0-1: Foul Ball, location: 2F
0-2: Foul Ball, location: 2F
0-2: Ball
1-2: Ball
2-2: Foul Ball, location: 2F
2-2: Strikes out swinging
Batting: RHB Dennis Garner 0-0: Ball
1-0: Ball
2-0: Foul Ball, location: 2F
2-1: Swinging Strike
2-2: Foul Ball, location: 2F
2-2: Foul Ball, location: 2F
2-2: Foul Ball, location: 2F
2-2: Strikes out swinging
Batting: RHB José Ruíz 0-0: Called Strike
0-1: DOUBLE (Flyball, 89D)
Batting: RHB Pedro García 0-0: Ball
1-0: Ball
2-0: Ball
3-0: Called Strike
3-1: Ground out 1-3 (Groundball, P)
Bottom of the 4th over - 0 runs, 1 hit, 0 errors, 1 left on base; Menlo 3 - Bismarck 0
TOP OF THE 5TH
Menlo Maniacs batting - Pitching for Bismarck Barons : RHP Kyle Horton
Batting: RHB David Strickland 0-0: Ball
1-0: Called Strike
1-1: Ball
2-1: Ground out 4-3 (Groundball, 4)
Batting: RHB Dani Torres 0-0: Foul Ball, location: 2F
0-1: Ground out 1-3 (Groundball, 15S)
Batting: SHB Ryan Holcomb 0-0: Swinging Strike
0-1: Ball
1-1: Foul Ball, location: 2F
1-2: Ball
2-2: Ground out 6-3 (Groundball, 6)
Top of the 5th over - 0 runs, 0 hits, 0 errors, 0 left on base; Menlo 3 - Bismarck 0
BOTTOM OF THE 5TH
Bismarck Barons batting - Pitching for Menlo Maniacs : RHP Ronnie Jefferson
Batting: LHB Earl Wigfall 0-0: Ball
1-0: DOUBLE (Flyball, 8LXD)
Batting: RHB Dave Anderson 0-0: Called Strike
0-1: Ball
1-1: Ball
2-1: Foul Ball, location: 2F
2-2: Ball
3-2: Strikes out swinging
Batting: RHB Jason Stover 0-0: Called Strike
0-1: Ground out 5-3 (Groundball, 5S)
Earl Wigfall to third
Batting: RHB Jesús Ramos 0-0: Called Strike
0-1: Foul Ball, location: 2F
0-2: Foul Ball, location: 2F
0-2: Ball
1-2: Foul Ball, location: 2F
1-2: Ground out 3-1 (Groundball, 34S)
Bottom of the 5th over - 0 runs, 1 hit, 0 errors, 1 left on base; Menlo 3 - Bismarck 0
TOP OF THE 6TH
Menlo Maniacs batting - Pitching for Bismarck Barons : RHP Kyle Horton
Batting: RHB Héctor Vázquez 0-0: Ball
1-0: Called Strike
1-1: Called Strike
1-2: Strikes out swinging
Batting: LHB Frank Young 0-0: Called Strike
0-1: Ball
1-1: SINGLE (Flyball, 9S)
Pitching: RHP Domingo León
Batting: LHB César Rodríguez 0-0: Ball
1-0: Swinging Strike
1-1: Called Strike
1-2: Strikes out swinging
Batting: RHB Joe Noble 0-0: Ball
1-0: Called Strike
1-1: Ball
2-1: Called Strike
2-2: Ground out 6-3 (Groundball, 6M)
Top of the 6th over - 0 runs, 1 hit, 0 errors, 1 left on base; Menlo 3 - Bismarck 0
BOTTOM OF THE 6TH
Bismarck Barons batting - Pitching for Menlo Maniacs : RHP Ronnie Jefferson
Batting: LHB Jorge Fernández 0-0: Ball
1-0: SINGLE (Line Drive, 8RS)
Batting: RHB Félix Trevino 0-0: Foul Ball, location: 2F
0-1: Ball
1-1: Foul Ball, location: 2F
1-2: Ball
2-2: Ball
3-2: Ground out 6-3 (Groundball, 6S)
Jorge Fernández to second
Batting: RHB Dennis Garner 0-0: Ball
1-0: Swinging Strike
1-1: Ball
2-1: Ball
3-1: Called Strike
3-2: Strikes out swinging
Batting: RHB José Ruíz 0-0: Ball
1-0: Called Strike
1-1: Foul Ball, location: 2F
1-2: Strikes out swinging
Bottom of the 6th over - 0 runs, 1 hit, 0 errors, 1 left on base; Menlo 3 - Bismarck 0
TOP OF THE 7TH
Menlo Maniacs batting - Pitching for Bismarck Barons : RHP Domingo León
Batting: LHB Dave Lee 0-0: Swinging Strike
0-1: SINGLE (Flyball, 78S)
Batting: RHB Juan Reyes 0-0: Called Strike
0-1: Swinging Strike
0-2: Ball
1-2: Ball
2-2: Ball
3-2: Foul Ball, location: 2F
3-2: Foul Ball, location: 2F
3-2: Base on Balls
Dave Lee to second
Batting: RHB David Strickland 0-0: Ball
1-0: Ball
2-0: Called Strike
2-1: Called Strike
2-2: Strikes out swinging
Batting: RHB Dani Torres 0-0: Called Strike
0-1: Ball
1-1: Ball
2-1: Ball
3-1: Foul Ball, location: 2F
3-2: SINGLE (Groundball, 56D)
Dave Lee to third
Juan Reyes to second
Runner from 3rd tries for Home, throw and OUT!
Juan Reyes to third
Dani Torres to second
Batting: SHB Ryan Holcomb 0-0: Swinging Strike
0-1: Called Strike
0-2: Ball
1-2: Fly out, F6 (Line Drive, 6)
Top of the 7th over - 0 runs, 2 hits, 0 errors, 2 left on base; Menlo 3 - Bismarck 0
BOTTOM OF THE 7TH
Bismarck Barons batting - Pitching for Menlo Maniacs : RHP Ronnie Jefferson
Batting: RHB Pedro García 0-0: Called Strike
0-1: Swinging Strike
0-2: Strikes out looking
Batting: LHB Earl Wigfall 0-0: Foul Ball, location: 2F
0-1: Ball
1-1: Ball
2-1: Called Strike
2-2: Fly out, F7 (Flyball, 7D)
Batting: RHB Dave Anderson 0-0: Swinging Strike
0-1: Ball
1-1: Ball
2-1: Ground out 5-3 (Groundball, 56)
Bottom of the 7th over - 0 runs, 0 hits, 0 errors, 0 left on base; Menlo 3 - Bismarck 0
TOP OF THE 8TH
Menlo Maniacs batting - Pitching for Bismarck Barons : RHP Domingo León
Batting: RHB Héctor Vázquez 0-0: Called Strike
0-1: Called Strike
0-2: Strikes out swinging
Batting: LHB Frank Young 0-0: Called Strike
0-1: Foul Ball, location: 2F
0-2: Ball
1-2: Ball
2-2: Ball
3-2: Base on Balls
Batting: LHB César Rodríguez 0-0: 2-RUN HOME RUN (Flyball, 89XD), Distance : 370 ft
Pitching: RHP Tom Emery
Batting: RHB Joe Noble 0-0: Swinging Strike
0-1: Swinging Strike
0-2: Ball
1-2: Foul Ball, location: 2F
1-2: Ball
2-2: Strikes out swinging
Batting: LHB Dave Lee 0-0: Called Strike
0-1: Foul Ball, location: 2F
0-2: Foul Ball, location: 2F
0-2: Ball
1-2: Strikes out swinging
Top of the 8th over - 2 runs, 1 hit, 0 errors, 0 left on base; Menlo 5 - Bismarck 0
BOTTOM OF THE 8TH
Bismarck Barons batting - Pitching for Menlo Maniacs : RHP Ronnie Jefferson
Pitching: RHP Wayne Todd
Now at 1B: David Doyle
Batting: RHB Jason Stover 0-0: Foul Ball, location: 2F
0-1: Ball
1-1: Ball
2-1: Foul Ball, location: 2F
2-2: Foul Ball, location: 2F
2-2: Strikes out swinging
Batting: RHB Jesús Ramos 0-0: Foul Ball, location: 2F
0-1: Ball
1-1: Swinging Strike
1-2: Ground out 6-3 (Groundball, 6S)
Batting: LHB Jorge Fernández 0-0: SINGLE (Groundball, 5D)
Batting: RHB Félix Trevino 0-0: Called Strike
0-1: Foul Ball, location: 2F
0-2: Ball
1-2: Ball
2-2: Ball
3-2: Ground out 6-3 (Groundball, 6M)
Bottom of the 8th over - 0 runs, 1 hit, 0 errors, 1 left on base; Menlo 5 - Bismarck 0
TOP OF THE 9TH
Menlo Maniacs batting - Pitching for Bismarck Barons : RHP Tom Emery
Batting: RHB Juan Reyes 0-0: Ball
1-0: Ball
2-0: Swinging Strike
2-1: Foul Ball, location: 2F
2-2: Foul Ball, location: 2F
2-2: Strikes out looking
Batting: RHB David Strickland 0-0: Called Strike
0-1: Foul Ball, location: 2F
0-2: Ball
1-2: Foul Ball, location: 2F
1-2: Ball
2-2: Ball
3-2: Strikes out swinging
Batting: RHB Dani Torres 0-0: Ball
1-0: Called Strike
1-1: SINGLE (Line Drive, 7S)
Batting: SHB Ryan Holcomb 0-0: Ball
1-0: SINGLE (Line Drive, 78S)
Dani Torres to second
Batting: RHB Héctor Vázquez 0-0: Called Strike
0-1: Single, Error in OF, E9, batter to second base
Dani Torres scores
Ryan Holcomb to third
Batting: LHB Frank Young 0-0: Fly out, F7 (Flyball, 78M)
Top of the 9th over - 1 run, 3 hits, 1 error, 2 left on base; Menlo 6 - Bismarck 0
BOTTOM OF THE 9TH
Bismarck Barons batting - Pitching for Menlo Maniacs : RHP Wayne Todd
Batting: RHB Dennis Garner 0-0: Called Strike
0-1: Foul Ball, location: 2F
0-2: Foul Ball, location: 2F
0-2: Strikes out swinging
Batting: RHB José Ruíz 0-0: Ground out 4-3 (Groundball, 4)
Batting: RHB Pedro García 0-0: Foul Ball, location: 2F
0-1: Ball
1-1: Hit by Pitch
Batting: LHB Earl Wigfall 0-0: Foul Ball, location: 2F
0-1: Called Strike
0-2: Foul Ball, location: 2F
0-2: SINGLE (Line Drive, 78S)
Pedro García to second
Batting: RHB Dave Anderson 0-0: Ball
1-0: Ball
2-0: Swinging Strike
2-1: Ball
3-1: Base on Balls
Pedro García to third
Earl Wigfall to second
Batting: RHB Jason Stover 0-0: SINGLE (Groundball, 34D)
Pedro García scores
Earl Wigfall to third
Dave Anderson to second
Pitching: RHP Juan Sánchez
Batting: RHB Jesús Ramos 0-0: Ball
1-0: Foul Ball, location: 2F
1-1: Foul Ball, location: 2F
1-2: Strikes out swinging
Bottom of the 9th over - 1 run, 2 hits, 0 errors, 3 left on base; Menlo 6 - Bismarck 1
Saturday, December 16th, 2017 - OOTP Baseball 18.8 Build 76